SAAA
ROYSE CITY TARGARYENS @ PENNSAUKEN FLYERS
09/05/2034
 
TOP OF THE 1ST
Royse City Targaryens batting - Pitching for Pennsauken Flyers : LHP Osiris St. Brown
Pitching: LHP Osiris St. Brown
Batting: RHB José García 0-0: Ball
1-0: Ball
2-0: Ball
3-0: Called Strike
3-1: Ground out 5-3 (Groundball, 56S)
Batting: SHB Vernon T. Waldrip 0-0: Called Strike
0-1: Called Strike
0-2: SINGLE (Groundball, 56D)
Batting: RHB Melvin Thomas 0-0: Foul Ball, location: 2F
0-1: Ball
1-1: Swinging Strike
1-2: Foul Ball, location: 2F
1-2: Foul Ball, location: 2F
1-2: SINGLE (Groundball, 6MD)
Vernon T. Waldrip to second
Runner from 2nd tries for 3rd, SAFE, throw made to third
Batting: RHB IV Seacat 0-0: Ball
1-0: Grounds into double play, 6-4-3 (Groundball, 6)
Top of the 1st over - 0 runs, 2 hits, 0 errors, 1 left on base; Royse City 0 - Pennsauken 0
BOTTOM OF THE 1ST
Pennsauken Flyers batting - Pitching for Royse City Targaryens : LHP Fred Proctor
Pitching: LHP Fred Proctor
Batting: RHB Marc Beck 0-0: Ball
1-0: Ball
2-0: Foul Ball, location: 2F
2-1: Swinging Strike
2-2: Ball
3-2: Fly out, F4 (Line Drive, 4)
Batting: RHB Dave Ash 0-0: Ball
1-0: Ground out 6-3 (Groundball, 6)
Batting: RHB José Rodríguez 0-0: Ball
1-0: Ball
2-0: Ball
3-0: Called Strike
3-1: Foul Ball, location: 2F
3-2: Fly out, F8 (Flyball, 89D)
Bottom of the 1st over - 0 runs, 0 hits, 0 errors, 0 left on base; Royse City 0 - Pennsauken 0
TOP OF THE 2ND
Royse City Targaryens batting - Pitching for Pennsauken Flyers : LHP Osiris St. Brown
Batting: SHB Miguel Herrera 0-0: Foul Ball, location: 2F
0-1: Fly out, F9 (Flyball, 9LS)
Batting: RHB David Elías 0-0: Ball
1-0: Ground out 6-3 (Groundball, 56)
Batting: RHB Cristo Cuervo 0-0: Ball
1-0: DOUBLE (Line Drive, 7LM)
Batting: LHB Takahiro Suzuki 0-0: Ball
1-0: Ball
2-0: Ball
3-0: Base on Balls
Batting: RHB Breanainn Swartwood 0-0: Called Strike
0-1: Ball
1-1: Ball
2-1: Called Strike
2-2: Fly out, F7 (Flyball, 7S)
Top of the 2nd over - 0 runs, 1 hit, 0 errors, 2 left on base; Royse City 0 - Pennsauken 0
BOTTOM OF THE 2ND
Pennsauken Flyers batting - Pitching for Royse City Targaryens : LHP Fred Proctor
Batting: RHB Leo Cadden 0-0: Ball
1-0: Called Strike
1-1: Ball
2-1: Foul Ball, location: 2F
2-2: Strikes out swinging
Batting: RHB Vincente Flores 0-0: Ball
1-0: Ball
2-0: Ground out 5-3 (Groundball, 56S)
Batting: LHB Arana Sashi 0-0: Ball
1-0: Foul Ball, location: 2F
1-1: Called Strike
1-2: Ball
2-2: Ball
3-2: Foul Ball, location: 2F
3-2: Foul Ball, location: 2F
3-2: Ground out 6-3 (Groundball, 6)
Bottom of the 2nd over - 0 runs, 0 hits, 0 errors, 0 left on base; Royse City 0 - Pennsauken 0
TOP OF THE 3RD
Royse City Targaryens batting - Pitching for Pennsauken Flyers : LHP Osiris St. Brown
Batting: RHB José García 0-0: Called Strike
0-1: Ball
1-1: Called Strike
1-2: Foul Ball, location: 2F
1-2: SINGLE (Groundball, 34D)
Batting: SHB Vernon T. Waldrip 0-0: Ball
José García steals 2nd base
1-0: Foul Ball, location: 2F
1-1: Ball
2-1: SINGLE (Groundball, 4D)
José García to third
Runner from 3rd tries for Home, SAFE, throw made home
Batting: RHB Melvin Thomas 0-0: Ball
1-0: Ball
2-0: Foul Ball, location: 2F
2-1: Ball
3-1: Foul Ball, location: 2F
3-2: Base on Balls
Vernon T. Waldrip to second
Batting: RHB IV Seacat 0-0: Fielders Choice at 2nd, 6-4 (Groundball, 6M)
Vernon T. Waldrip to third
Batting: SHB Miguel Herrera 0-0: Called Strike
0-1: Swinging Strike
0-2: Ball
1-2: Foul Ball, location: 2F
1-2: Ball
2-2: Foul Ball, location: 2F
2-2: Strikes out swinging
Batting: RHB David Elías 0-0: Ball
1-0: Called Strike
1-1: Ball
2-1: Foul Ball, location: 2F
2-2: Ground out 5-3 (Groundball, 25)
Top of the 3rd over - 1 run, 2 hits, 0 errors, 2 left on base; Royse City 1 - Pennsauken 0
BOTTOM OF THE 3RD
Pennsauken Flyers batting - Pitching for Royse City Targaryens : LHP Fred Proctor
Batting: RHB Clarence Therrien 0-0: Called Strike
0-1: Called Strike
0-2: Ground out 1-3 (Groundball, 13)
Batting: SHB Chris Williamson 0-0: Foul Ball, location: 2F
0-1: Foul Ball, location: 2F
0-2: Ball
1-2: Ground out 6-3 (Groundball, 6)
Batting: RHB John Downing 0-0: Ball
1-0: Called Strike
1-1: Foul Ball, location: 2F
1-2: Ball
2-2: Ball
3-2: Foul Ball, location: 2F
3-2: Base on Balls
Batting: RHB Marc Beck 0-0: Foul Ball, location: 2F
0-1: Called Strike
0-2: Ball
1-2: Fielders Choice at 2nd, 6-4 (Groundball, 6)
Bottom of the 3rd over - 0 runs, 0 hits, 0 errors, 1 left on base; Royse City 1 - Pennsauken 0
TOP OF THE 4TH
Royse City Targaryens batting - Pitching for Pennsauken Flyers : LHP Osiris St. Brown
Batting: RHB Cristo Cuervo 0-0: Ball
1-0: Fly out, F9 (Flyball, 89M)
Batting: LHB Takahiro Suzuki 0-0: SINGLE (Line Drive, 34D)
Batting: RHB Breanainn Swartwood 0-0: Foul Ball, location: 2F
0-1: Ball
1-1: Fly out, F7 (Flyball, 7LD)
Batting: RHB José García 0-0: Ball
1-0: Swinging Strike
1-1: Ball
2-1: Fielders Choice at 2nd, 5-4 (Groundball, 56)
Top of the 4th over - 0 runs, 1 hit, 0 errors, 1 left on base; Royse City 1 - Pennsauken 0
BOTTOM OF THE 4TH
Pennsauken Flyers batting - Pitching for Royse City Targaryens : LHP Fred Proctor
Batting: RHB Dave Ash 0-0: Fly out, F8 (Flyball, 8RM)
Batting: RHB José Rodríguez 0-0: Ball
1-0: Called Strike
1-1: SINGLE (Line Drive, 5D)
Batting: RHB Leo Cadden 0-0: Ball
1-0: Ball
2-0: Ball
3-0: Called Strike
3-1: Grounds into double play, 6-4-3 (Groundball, 6)
Bottom of the 4th over - 0 runs, 1 hit, 0 errors, 0 left on base; Royse City 1 - Pennsauken 0
TOP OF THE 5TH
Royse City Targaryens batting - Pitching for Pennsauken Flyers : LHP Osiris St. Brown
Batting: SHB Vernon T. Waldrip 0-0: Ground out 6-3 (Groundball, 6)
Batting: RHB Melvin Thomas 0-0: Called Strike
0-1: Ball
1-1: Ball
2-1: Foul Ball, location: 2F
2-2: Strikes out looking
Batting: RHB IV Seacat 0-0: SINGLE (Line Drive, 6D)
Batting: SHB Miguel Herrera 0-0: Ball
1-0: Ball
2-0: Called Strike
2-1: Ball
3-1: Foul Ball, location: 2F
3-2: Fly out, F7 (Flyball, 78S)
Top of the 5th over - 0 runs, 1 hit, 0 errors, 1 left on base; Royse City 1 - Pennsauken 0
BOTTOM OF THE 5TH
Pennsauken Flyers batting - Pitching for Royse City Targaryens : LHP Fred Proctor
Batting: RHB Vincente Flores 0-0: Called Strike
0-1: Ball
1-1: Called Strike
1-2: Ground out U3 (Groundball, 3)
Batting: LHB Arana Sashi 0-0: Called Strike
0-1: Ball
1-1: Ball
2-1: Ground out 6-3 (Groundball, 6)
Batting: RHB Clarence Therrien 0-0: Called Strike
0-1: Ball
1-1: Ball
2-1: Ball
3-1: Called Strike
3-2: Foul Ball, location: 2F
3-2: Foul Ball, location: 2F
3-2: DOUBLE (Line Drive, 8LD)
Batting: SHB Chris Williamson 0-0: Foul Ball, location: 2F
0-1: Ball
1-1: Ball
2-1: Ball
3-1: Foul Ball, location: 2F
3-2: Ground out 4-3 (Groundball, 34)
Bottom of the 5th over - 0 runs, 1 hit, 0 errors, 1 left on base; Royse City 1 - Pennsauken 0
TOP OF THE 6TH
Royse City Targaryens batting - Pitching for Pennsauken Flyers : LHP Osiris St. Brown
Batting: RHB David Elías 0-0: Foul Ball, location: 2F
0-1: Ball
1-1: Ball
2-1: Called Strike
2-2: SOLO HOME RUN (Flyball, 7D), Distance : 360 ft
Batting: RHB Cristo Cuervo 0-0: Ball
1-0: Ground out 4-3 (Groundball, 4M)
Batting: LHB Takahiro Suzuki 0-0: Called Strike
0-1: Ball
1-1: Ball
2-1: Foul Ball, location: 2F
2-2: Foul Ball, location: 2F
2-2: Foul Ball, location: 2F
2-2: Strikes out swinging
Batting: RHB Breanainn Swartwood 0-0: Ball
1-0: Called Strike
1-1: Ball
2-1: Foul Ball, location: 2F
2-2: Foul Ball, location: 2F
2-2: Foul Ball, location: 2F
2-2: Ball
3-2: Base on Balls
Batting: RHB José García 0-0: Ball
1-0: Fly out, F7 (Flyball, 7S)
Top of the 6th over - 1 run, 1 hit, 0 errors, 1 left on base; Royse City 2 - Pennsauken 0
BOTTOM OF THE 6TH
Pennsauken Flyers batting - Pitching for Royse City Targaryens : LHP Fred Proctor
Batting: RHB John Downing 0-0: Called Strike
0-1: Ball
1-1: Ball
2-1: Ball
3-1: Called Strike
3-2: Fly out, F6 (Popup, 6)
Batting: RHB Marc Beck 0-0: Called Strike
0-1: Ball
1-1: Foul Ball, location: 2F
1-2: Foul Ball, location: 2F
1-2: Ball
2-2: Fly out, F4 (Line Drive, 4)
Batting: RHB Dave Ash 0-0: Called Strike
0-1: Ball
1-1: Foul Ball, location: 2F
1-2: Ball
2-2: Foul Ball, location: 2F
2-2: Strikes out swinging
Bottom of the 6th over - 0 runs, 0 hits, 0 errors, 0 left on base; Royse City 2 - Pennsauken 0
TOP OF THE 7TH
Royse City Targaryens batting - Pitching for Pennsauken Flyers : LHP Osiris St. Brown
Batting: SHB Vernon T. Waldrip 0-0: Called Strike
0-1: Ball
1-1: Ball
2-1: Fly out, F7 (Flyball, 7LSF)
Batting: RHB Melvin Thomas 0-0: Ball
1-0: Ball
2-0: Called Strike
2-1: DOUBLE (Line Drive, 7LD)
Batting: RHB IV Seacat 0-0: Called Strike
0-1: Ground out 5-3 (Groundball, 5)
Batting: SHB Miguel Herrera 0-0: Ball
1-0: Ball
2-0: Ball
3-0: Base on Balls
Pitching: LHP Arnie Banks
Batting: RHB David Elías 0-0: Ball
1-0: Ball
2-0: Ball
3-0: Called Strike
3-1: Base on Balls
Melvin Thomas to third
Miguel Herrera to second
Batting: RHB Cristo Cuervo 0-0: Ball
1-0: Foul Ball, location: 2F
1-1: Swinging Strike
1-2: Foul Ball, location: 2F
1-2: Foul Ball, location: 2F
1-2: Ball
2-2: Fielders Choice at 2nd, 5-4 (Groundball, 5)
Top of the 7th over - 0 runs, 1 hit, 0 errors, 3 left on base; Royse City 2 - Pennsauken 0
BOTTOM OF THE 7TH
Pennsauken Flyers batting - Pitching for Royse City Targaryens : LHP Fred Proctor
Batting: RHB José Rodríguez 0-0: Foul Ball, location: 2F
0-1: Ground out 5-3 (Groundball, 56)
Batting: RHB Leo Cadden 0-0: Ball
1-0: Ball
2-0: Called Strike
2-1: Called Strike
2-2: Ball
3-2: Foul Ball, location: 2F
3-2: Ground out 4-3 (Groundball, 4)
Batting: RHB Vincente Flores 0-0: Ball
1-0: Ball
2-0: Called Strike
2-1: Ball
3-1: Fly out, F8 (Flyball, 8RS)
Bottom of the 7th over - 0 runs, 0 hits, 0 errors, 0 left on base; Royse City 2 - Pennsauken 0
TOP OF THE 8TH
Royse City Targaryens batting - Pitching for Pennsauken Flyers : LHP Arnie Banks
Batting: LHB Takahiro Suzuki 0-0: Ball
1-0: Ground out U3 (Groundball, 3)
Batting: RHB Breanainn Swartwood 0-0: Ground out 1-3 (Groundball, 15S)
Batting: RHB José García 0-0: Fly out, F9 (Flyball, 9LM)
Top of the 8th over - 0 runs, 0 hits, 0 errors, 0 left on base; Royse City 2 - Pennsauken 0
BOTTOM OF THE 8TH
Pennsauken Flyers batting - Pitching for Royse City Targaryens : LHP Fred Proctor
Pitching: RHP Joy-shan Men
Batting: LHB Arana Sashi 0-0: Ball
1-0: Ball
2-0: Swinging Strike
2-1: SINGLE (Groundball, 56D)
Batting: RHB Clarence Therrien 0-0: Ball
1-0: Called Strike
1-1: SINGLE (Groundball, 4S) (infield hit)
Arana Sashi to second
Batting: SHB Chris Williamson 0-0: Ball
1-0: Called Strike
1-1: Fly out, F8 (Flyball, 8LD)
Batting: RHB John Downing 0-0: Called Strike
0-1: Swinging Strike
0-2: Ball
1-2: Foul Ball, location: 2F
1-2: Ball
2-2: Strikes out looking
Pinch Hitting: LHB Ignacio Martínez 0-0: Ball
1-0: Ball
2-0: Ball
3-0: Called Strike
3-1: Base on Balls
Arana Sashi to third
Clarence Therrien to second
Batting: RHB Dave Ash 0-0: Called Strike
0-1: Ground out 3-1 (Groundball, 34)
Bottom of the 8th over - 0 runs, 2 hits, 0 errors, 3 left on base; Royse City 2 - Pennsauken 0
TOP OF THE 9TH
Royse City Targaryens batting - Pitching for Pennsauken Flyers : LHP Arnie Banks
Now at 3B: Roy McFerran
Batting: SHB Vernon T. Waldrip 0-0: Ball
1-0: Fly out, F9 (Flyball, 9S)
Batting: RHB Melvin Thomas 0-0: Ball
1-0: Foul Ball, location: 2F
1-1: Foul Ball, location: 2F
1-2: Ball
2-2: Foul Ball, location: 2F
2-2: Ball
3-2: Ground out 1-6-3 (Groundball, 15S)
Batting: RHB IV Seacat 0-0: Ground out 6-3 (Groundball, 6M)
Top of the 9th over - 0 runs, 0 hits, 0 errors, 0 left on base; Royse City 2 - Pennsauken 0
BOTTOM OF THE 9TH
Pennsauken Flyers batting - Pitching for Royse City Targaryens : RHP Joy-shan Men
Pitching: RHP Ralph McKinney
Batting: RHB José Rodríguez 0-0: Called Strike
0-1: Ball
1-1: Called Strike
1-2: Fly out, F8 (Line Drive, 8RXD)
Batting: RHB Leo Cadden 0-0: Called Strike
0-1: Ball
1-1: Ball
2-1: Ball
3-1: Foul Ball, location: 2F
3-2: Ground out 5-3 (Groundball, 56S)
Batting: RHB Vincente Flores 0-0: Called Strike
0-1: Ball
1-1: Foul Ball, location: 2F
1-2: Ball
2-2: Strikes out swinging
Bottom of the 9th over - 0 runs, 0 hits, 0 errors, 0 left on base; Royse City 2 - Pennsauken 0
Friday, March 29th, 2019 - OOTP Baseball 18.8 Build 76